[Event "French-ch Youth U12 2022"]
[Site "Agen"]
[Date "2022.04.23"]
[Round "8.1"]
[White "Khoury, Theo"]
[Black "Bonelli Maestracci, Pierre Joseph"]
[Result "1-0"]
[ECO "B36"]
[WhiteElo "1878"]
[BlackElo "1629"]
[Annotator "NA RC COMBH"]
[PlyCount "51"]
[EventDate "2022.04.17"]
[EventType "swiss"]
[EventCountry "FRA"]
[SourceTitle "playchess.com"]
[Source "ChessBase"]
[SourceQuality "1"]
[TimeControl "5400+30"]

1. e4 c5 2. Nf3 Nc6 3. d4 cxd4 4. Nxd4 g6 5. c4 Nf6 6. Nc3 Nxd4 7. Qxd4 d6 8. Be2 Bg7 9. Be3 O-O 10. Qd2 a5 11. O-O a4 12. Rad1 Bd7 13. f3 Qa5 14. c5 Be6 15. cxd6 Rfd8 16. Nd5 Qxd2 17. Nxe7+ Kh8 18. Rxd2 Ne8 19. Rfd1 Be5 20. f4 Bg7 21. Bb6 Rd7 22. Bb5 Nf6 23. Bxd7 Nxd7 24. Bd4 f6 25. Rc1 Bh6 26. g3 1-0

[Event "French-ch Youth U12 2022"]
[Site "Agen"]
[Date "2022.04.23"]
[Round "8.2"]
[White "Borne, Felix"]
[Black "Lefrancois, Jean"]
[Result "1-0"]
[ECO "D31"]
[WhiteElo "1780"]
[BlackElo "1476"]
[Annotator "NA RC COMBH"]
[PlyCount "85"]
[EventDate "2022.04.17"]
[EventType "swiss"]
[EventCountry "FRA"]
[SourceTitle "playchess.com"]
[Source "ChessBase"]
[SourceQuality "1"]
[TimeControl "5400+30"]

1. d4 d5 2. c4 e6 3. Nc3 c6 4. Nf3 dxc4 5. g3 b5 6. a4 Bb4 7. Bg2 Bb7 8. O-O a6 9. Ne4 Nd7 10. Ne5 Nxe5 11. dxe5 Qc7 12. Bd2 Be7 13. axb5 axb5 14. Rxa8+ Bxa8 15. Qa1 Qb8 16. Rd1 f5 17. exf6 Nxf6 18. Bf4 Qc8 19. Ng5 e5 20. Bh3 Qb7 21. Bxe5 h6 22. Ne6 Kf7 23. Nf4 g5 24. Bxf6 Bxf6 25. Rd7+ Qxd7 26. Bxd7 gxf4 27. Bf5 fxg3 28. hxg3 Rd8 29. Qa7+ Be7 30. Qe3 Rd6 31. f4 c5 32. Qc1 Bf6 33. e4 Bd4+ 34. Kf1 Ra6 35. Bd7 Bxe4 36. Bxb5 Ra5 37. Bxc4+ Kf6 38. Qe1 Ra4 39. Bb5 Ra2 40. Qxe4 Rxb2 41. Bc4 Rb6 42. Qh7 Rb4 43. Qf7# 1-0

[Event "French-ch Youth U12 2022"]
[Site "Agen"]
[Date "2022.04.23"]
[Round "8.3"]
[White "Contie, Lilio"]
[Black "Charlier, Antoine"]
[Result "0-1"]
[ECO "C47"]
[WhiteElo "1606"]
[BlackElo "1855"]
[Annotator "NA RC COMBH"]
[PlyCount "76"]
[EventDate "2022.04.17"]
[EventType "swiss"]
[EventCountry "FRA"]
[SourceTitle "playchess.com"]
[Source "ChessBase"]
[SourceQuality "1"]
[TimeControl "5400+30"]

1. e4 e5 2. Nf3 Nc6 3. Nc3 Nf6 4. h3 d6 5. d4 exd4 6. Nxd4 Bd7 7. Bb5 h6 8. Bf4 Be7 9. Nf5 Bxf5 10. exf5 Qd7 11. Qf3 O-O 12. Bxc6 bxc6 13. Be3 d5 14. Ne2 c5 15. c3 Rfb8 16. b3 a5 17. O-O a4 18. Rab1 axb3 19. Rxb3 Rxb3 20. axb3 Rb8 21. Rb1 c4 22. b4 c5 23. Bxh6 Bd6 24. Bd2 cxb4 25. cxb4 Qa4 26. Bc3 Ne4 27. Qg4 Nxc3 28. Nxc3 Qc2 29. f6 g6 30. Qf3 d4 31. Qd5 dxc3 32. Rd1 Bf8 33. Ra1 Qd3 34. Qe5 Bd6 35. Qg5 c2 36. g3 Qd1+ 37. Kh2 Qxa1 38. Qh6 Qxf6 0-1

[Event "French-ch Youth U12 2022"]
[Site "Agen"]
[Date "2022.04.23"]
[Round "8.4"]
[White "Pon Le Brun, Gregoire"]
[Black "Breuil, Virgile"]
[Result "0-1"]
[ECO "A06"]
[WhiteElo "1392"]
[BlackElo "1829"]
[Annotator "NA RC COMBH"]
[PlyCount "144"]
[EventDate "2022.04.17"]
[EventType "swiss"]
[EventCountry "FRA"]
[SourceTitle "playchess.com"]
[Source "ChessBase"]
[SourceQuality "1"]
[TimeControl "5400+30"]

1. Nf3 d5 2. g3 Nf6 3. Bg2 Nc6 4. d4 Bf5 5. O-O e6 6. c3 Be7 7. Nbd2 O-O 8. Nh4 Bg6 9. Nxg6 hxg6 10. e4 dxe4 11. Nxe4 Rb8 12. Re1 Re8 13. Qc2 Nxe4 14. Rxe4 Bf6 15. f4 Ne7 16. b3 b6 17. Ba3 Rc8 18. Rd1 c6 19. Re2 Qc7 20. Red2 Rcd8 21. Qe4 Nd5 22. c4 Nc3 23. Qxc6 Qxc6 24. Bxc6 Nxd1 25. Bxe8 Bxd4+ 26. Kf1 Ne3+ 27. Ke2 Rxe8 28. Rxd4 Nc2 29. Rd7 Nxa3 30. Rxa7 Nc2 31. Rb7 Ra8 32. Rxb6 Rxa2 33. Kd3 Kf8 34. Rb8+ Ke7 35. Rb7+ Kf6 36. g4 Ne1+ 37. Kd4 g5 38. fxg5+ Kg6 39. b4 Nf3+ 40. Kc5 Nxg5 41. h4 Ne4+ 42. Kd4 Nd6 43. Rd7 Rd2+ 44. Kc5 Ne4+ 45. Kc6 Rxd7 46. Kxd7 e5 47. c5 Nf6+ 48. Kd6 e4 49. g5 Ne8+ 50. Kd7 e3 51. Kxe8 e2 52. b5 e1=Q+ 53. Kd7 Qe6+ 54. Kc7 Qc4 55. Kc6 Qa4 56. Kb6 Kf5 57. c6 Ke6 58. h5 Kd6 59. h6 gxh6 60. gxh6 Qa8 61. h7 Qb8+ 62. Ka5 Kc5 63. Ka4 Qxb5+ 64. Ka3 Qd3+ 65. Kb2 Qxh7 66. c7 Qh8+ 67. Kb3 Kd4 68. Kb4 Qc8 69. Kb5 Qxc7 70. Ka6 Qb8 71. Ka5 Kc5 72. Ka4 Qb4# 0-1

[Event "French-ch Youth U12 2022"]
[Site "Agen"]
[Date "2022.04.23"]
[Round "8.5"]
[White "Alfano, Emilie"]
[Black "Neel, Laura"]
[Result "1-0"]
[ECO "B40"]
[WhiteElo "1635"]
[BlackElo "1725"]
[Annotator "NA RC COMBH"]
[PlyCount "94"]
[EventDate "2022.04.17"]
[EventType "swiss"]
[EventCountry "FRA"]
[SourceTitle "playchess.com"]
[Source "ChessBase"]
[SourceQuality "1"]
[TimeControl "5400+30"]

1. e4 c5 2. Nf3 e6 3. c3 d5 4. exd5 Qxd5 5. d4 Nf6 6. Be3 cxd4 7. cxd4 Nc6 8. Nc3 Qd6 9. a3 a6 10. Bd3 Be7 11. O-O O-O 12. Qe2 b5 13. Rad1 Bb7 14. Bb1 Bd8 15. Qd3 Ne7 16. Ng5 Ng6 17. Nge4 Nxe4 18. Nxe4 Qd5 19. f3 Bc7 20. Bf2 Rad8 21. Nc5 Bc8 22. Bc2 Qh5 23. Bg3 Bxg3 24. hxg3 Ne5 25. Qxh7+ Qxh7 26. Bxh7+ Kxh7 27. dxe5 Kg6 28. Rd6 Rxd6 29. exd6 Rd8 30. Rd1 Bd7 31. Nxa6 Kf6 32. Nc5 Bc6 33. d7 Ke7 34. Kf2 Bxd7 35. Rxd7+ Rxd7 36. Nxd7 Kxd7 37. Ke3 Kd6 38. Kd3 Kc5 39. b3 f6 40. Ke4 Kc6 41. f4 Kc5 42. g4 g6 43. f5 gxf5+ 44. gxf5 exf5+ 45. Kxf5 Kd4 46. a4 b4 47. Kxf6 Kd5 1-0

[Event "French-ch Youth U12 2022"]
[Site "Agen"]
[Date "2022.04.23"]
[Round "8.6"]
[White "Nogues, Norah"]
[Black "Mence, Eline"]
[Result "0-1"]
[ECO "D02"]
[WhiteElo "1096"]
[BlackElo "1499"]
[Annotator "NA RC COMBH"]
[PlyCount "110"]
[EventDate "2022.04.17"]
[EventType "swiss"]
[EventCountry "FRA"]
[SourceTitle "playchess.com"]
[Source "ChessBase"]
[SourceQuality "1"]
[TimeControl "5400+30"]

1. d4 d5 2. Nf3 Nf6 3. c3 c5 4. Bf4 Nc6 5. e3 Qb6 6. Qb3 c4 7. Qc2 Bf5 8. Qd2 Ne4 9. Qc1 e6 10. Nbd2 Qd8 11. Be2 b5 12. Nxe4 Bxe4 13. b4 a5 14. a3 Be7 15. O-O O-O 16. Ne5 Nxe5 17. Bxe5 Qb6 18. Bd1 Ra6 19. Bc2 Bxc2 20. Qxc2 Rfa8 21. Rac1 axb4 22. axb4 Ra2 23. Qd1 Qa7 24. h3 Qa3 25. Bc7 Bd8 26. Be5 Be7 27. Qg4 Bf8 28. h4 Qb2 29. h5 h6 30. e4 Ra1 31. Qd1 Rxc1 32. Qxc1 Qxc1 33. Rxc1 dxe4 34. Re1 f5 35. f3 exf3 36. gxf3 Kf7 37. Kf2 Ra2+ 38. Ke3 Rc2 39. d5 exd5 40. Kd4 Rd2+ 41. Ke3 Rd3+ 42. Kf4 Be7 43. Kxf5 Rxf3+ 44. Kg4 Rf2 45. Rd1 Ke6 46. Bd4 Rg2+ 47. Kf3 Rg5 48. Re1+ Kf7 49. Rh1 Bf6 50. Bxf6 Kxf6 51. Rh4 Ke5 52. Rh3 d4 53. cxd4+ Kxd4 54. Ke2 Re5+ 55. Kd2 c3+ 0-1

[Event "French-ch Youth U12 2022"]
[Site "Agen"]
[Date "2022.04.23"]
[Round "8.8"]
[White "Verdier, Anais"]
[Black "Allard Nedellec, Anna"]
[Result "1/2-1/2"]
[ECO "D45"]
[WhiteElo "1265"]
[BlackElo "1514"]
[Annotator "NA RC COMBH"]
[PlyCount "102"]
[EventDate "2022.04.17"]
[EventType "swiss"]
[EventCountry "FRA"]
[SourceTitle "playchess.com"]
[Source "ChessBase"]
[SourceQuality "1"]
[TimeControl "5400+30"]

1. d4 d5 2. Nf3 Nf6 3. c4 c6 4. Nc3 e6 5. e3 Nbd7 6. cxd5 exd5 7. Bd3 Bd6 8. O-O O-O 9. Qc2 Re8 10. Re1 Qc7 11. e4 dxe4 12. Nxe4 h6 13. Nxd6 Rxe1+ 14. Nxe1 Qxd6 15. Nf3 Nb6 16. Be3 Nbd5 17. Qd2 Nh7 18. Ne5 Nxe3 19. fxe3 f6 20. Nf3 Be6 21. b3 c5 22. Rd1 cxd4 23. exd4 Bd5 24. Bc4 a6 25. a4 Bxc4 26. bxc4 Qc6 27. Qb4 Rc8 28. c5 Nf8 29. Qc4+ Kh7 30. Rc1 Rd8 31. Rd1 Rd5 32. Ne1 Ne6 33. Nc2 a5 34. Ne3 Rg5 35. d5 Qxc5 36. Qd3+ Kh8 37. dxe6 Re5 38. Re1 Rxe6 39. Kf1 Qh5 40. h3 Qh4 41. Qd1 Qf4+ 42. Qf3 Qb4 43. Nc2 Qc4+ 44. Kg1 Rxe1+ 45. Nxe1 Qb4 46. Qd1 Qb6+ 47. Kh1 Kg8 48. Nf3 Qc7 49. Qb3+ Kh8 50. Qb5 Qc1+ 51. Ng1 Qc7 1/2-1/2

[Event "French-ch Youth U12 2022"]
[Site "Agen"]
[Date "2022.04.24"]
[Round "9.1"]
[White "Borne, Felix"]
[Black "Khoury, Theo"]
[Result "1-0"]
[ECO "A61"]
[WhiteElo "1780"]
[BlackElo "1878"]
[Annotator "NA RC COMBH"]
[PlyCount "91"]
[EventDate "2022.04.17"]
[EventType "swiss"]
[EventCountry "FRA"]
[SourceTitle "playchess.com"]
[Source "ChessBase"]
[SourceQuality "1"]
[TimeControl "5400+30"]

1. d4 Nf6 2. c4 c5 3. d5 e6 4. Nc3 exd5 5. cxd5 d6 6. Nf3 g6 7. Bf4 a6 8. a4 Bg7 9. h3 O-O 10. e3 Ne8 11. Be2 Nd7 12. O-O Ne5 13. Nd2 {[%emt 0:04:41] 13.Bxe5 is more advanced technology.} Bd7 14. Bh2 f5 15. a5 Qe7 16. Re1 Nc7 {[%emt 0:04:46] [#]} 17. Qc2 $146 ({Predecessor:} 17. Qb3 Rab8 18. Bf1 Kh8 19. f4 Nf7 20. Kh1 Rfe8 21. Bd3 h6 22. e4 Qh4 23. Nf3 Qf6 {1-0 (23) Goryachkina,A (2610)-Maisuradze,N (2202) Warsaw 2021}) 17... Bb5 18. Kh1 Rae8 19. f4 Nd7 20. Bf3 Nf6 21. Bg3 Qf7 22. e4 fxe4 23. Ndxe4 Rd8 (23... Ncxd5 $2 24. Nxd6 Rxe1+ 25. Bxe1 $18 (25. Rxe1 Nb4 $18)) ({Don't take} 23... Nxe4 24. Nxe4 Qd7 25. f5 gxf5 26. Nxd6 Rxe1+ 27. Rxe1 $14) (23... Qd7 $16) 24. Ng5 Qd7 25. Ne6 Nxe6 26. dxe6 Qe7 27. Bxb7 Nh5 28. Qf2 Qxb7 29. e7 Bd4 30. exd8=Q Rxd8 31. Re3 Bxe3 32. Qxe3 Re8 33. Qf2 d5 34. Bh4 d4 35. Nxb5 Qxb5 36. Re1 Qd7 37. Rxe8+ Qxe8 38. b4 Qc6 39. Qa2+ c4 40. Qd2 Qe4 41. Bf2 d3 42. b5 $19 (42. Qe1 $142 Qc6 43. Qe3) 42... Nxf4 43. Bc5 Qxg2+ 44. Qxg2 Nxg2 45. Bb4 Nf4 46. b6 1-0

[Event "French-ch Youth U12 2022"]
[Site "Agen"]
[Date "2022.04.24"]
[Round "9.2"]
[White "Charlier, Antoine"]
[Black "Motoyama, Wesley Winsen"]
[Result "0-1"]
[ECO "A44"]
[WhiteElo "1855"]
[BlackElo "1590"]
[Annotator "NA RC COMBH"]
[PlyCount "120"]
[EventDate "2022.04.17"]
[EventType "swiss"]
[EventCountry "FRA"]
[SourceTitle "playchess.com"]
[Source "ChessBase"]
[SourceQuality "1"]
[TimeControl "5400+30"]

1. d4 c5 2. d5 e5 3. c4 d6 4. Nc3 g6 5. e4 Bg7 6. Bd3 a6 7. Nge2 Nf6 8. h3 O-O 9. Be3 Nbd7 10. Qd2 Ne8 11. g4 Qe7 12. Ng3 Nc7 13. Bh6 Nf6 14. f3 Rb8 15. b3 b5 16. Bxg7 Kxg7 17. h4 bxc4 18. Bxc4 Nb5 19. Bxb5 axb5 20. Qg5 Ng8 21. Qe3 (21. Nh5+ $11 {is more appropriate.} Kh8 22. Qxe7 Nxe7 23. Nf6) 21... b4 22. Nce2 Bd7 23. Kf2 Ra8 24. h5 g5 (24... Ra3 $17) 25. Rhc1 h6 26. Rc2 Ra3 27. Nf1 $1 Nf6 28. Kg2 Rfa8 29. Nd2 $1 Ne8 30. Nc4 R3a6 31. Ng3 Nc7 32. Qc1 Nb5 33. Ne2 Na3 34. Nxa3 Rxa3 35. Ng3 Rc8 36. Qb2 Qd8 37. Rac1 Rca8 38. Nf1 Qa5 39. Ra1 Qa6 40. Ne3 Bb5 41. Nf5+ Kh7 42. Rd2 Rb8 43. Ne3 c4 $11 44. Nxc4 Bxc4 45. bxc4 Qxc4 46. Rc1 Rc3 47. Rdc2 Rc8 48. Rxc3 bxc3 49. Qc2 Rb8 50. Qd1 Rb2+ 51. Kg3 Qxa2 52. Qg1 Rc2 53. Rd1 Re2 54. Rc1 Qd2 55. Kh3 Rh2+ 56. Qxh2 Qxc1 57. Qf2 Qd2 58. Qa7 Kg7 59. Qc7 c2 60. Qxd6 Qf4 0-1

[Event "French-ch Youth U12 2022"]
[Site "Agen"]
[Date "2022.04.24"]
[Round "9.3"]
[White "Breuil, Virgile"]
[Black "Bonelli Maestracci, Pierre Joseph"]
[Result "1/2-1/2"]
[ECO "B22"]
[WhiteElo "1829"]
[BlackElo "1629"]
[Annotator "NA RC COMBH"]
[PlyCount "124"]
[EventDate "2022.04.17"]
[EventType "swiss"]
[EventCountry "FRA"]
[SourceTitle "playchess.com"]
[Source "ChessBase"]
[SourceQuality "1"]
[TimeControl "5400+30"]

1. e4 c5 2. c3 d5 3. exd5 Qxd5 4. Nf3 Nc6 5. d4 cxd4 6. cxd4 e5 7. Nc3 Bb4 8. Be3 (8. Bd2 $14 Bxc3 9. Bxc3) 8... Bg4 9. Be2 Bxf3 10. Bxf3 e4 11. Be2 Nf6 12. O-O Qa5 13. Qb3 O-O 14. a3 Bxc3 15. bxc3 Nd5 16. c4 Nxe3 17. fxe3 Qg5 18. Rf2 Rac8 19. Raf1 f5 20. c5+ Kh8 21. Kh1 Rf6 22. Qxb7 Rcf8 23. d5 Ne5 24. Qc7 Ng6 25. Qg3 Qh6 $2 (25... Qxg3 26. hxg3 Rc8) 26. d6 f4 27. Qh3 $4 (27. exf4 $18 Nh4 28. Qc3) 27... Qg5 28. Qh5 f3 29. Qxg5 fxe2 30. Qxf6 exf1=Q+ 31. Rxf1 gxf6 32. c6 Ne5 33. c7 Kg7 34. g4 h6 35. h4 Kf7 36. g5 hxg5 37. hxg5 Rh8+ 38. Kg2 Ke6 39. Rxf6+ Kd7 40. Kg3 Nc4 41. Kf4 Nxd6 42. Ke5 Nc4+ 43. Kxe4 Kxc7 44. g6 Rg8 45. Kf4 Kd7 46. Ra6 Ke7 47. e4 Nd6 48. Rxa7+ $11 Ke6 49. e5 Rxg6 50. Ra6 Kd5 51. a4 Rh6 52. a5 Rh4+ 53. Kg5 Re4 54. exd6 Re5+ 55. Kf4 Re8 56. d7 Rd8 57. Ra7 Kc6 58. Ke5 Rxd7 59. Rxd7 Kxd7 60. a6 Kc7 61. a7 Kb7 62. Kd6 Kxa7 1/2-1/2

[Event "French-ch Youth U12 2022"]
[Site "Agen"]
[Date "2022.04.24"]
[Round "9.4"]
[White "Laignel, Quentin"]
[Black "Lefrancois, Jean"]
[Result "1/2-1/2"]
[ECO "D00"]
[WhiteElo "1600"]
[BlackElo "1476"]
[Annotator "NA RC COMBH"]
[PlyCount "147"]
[EventDate "2022.04.17"]
[EventType "swiss"]
[EventCountry "FRA"]
[SourceTitle "playchess.com"]
[Source "ChessBase"]
[SourceQuality "1"]
[TimeControl "5400+30"]

1. d4 d5 2. Bf4 e6 3. e3 Bd6 4. Bg3 Nf6 5. Nf3 O-O 6. Bd3 Nbd7 7. c3 Bxg3 8. hxg3 c5 9. Ne5 g6 10. Nxd7 Bxd7 11. Nd2 e5 12. dxe5 Ng4 13. Nf3 Qe7 14. Be2 Bc6 15. O-O Nxe5 16. Nxe5 Qxe5 17. Bf3 Rad8 18. Qb3 b6 19. Rad1 Rd7 20. Rd2 Rfd8 21. Rfd1 Ba8 22. Qa4 Qc7 23. Qf4 Qc8 24. Bg4 f5 25. Bf3 Rd6 26. g4 fxg4 27. Bxg4 Qc7 28. Bf3 Rf8 29. Qg3 Qd8 30. c4 Bb7 31. Bxd5+ Bxd5 32. cxd5 Qf6 33. Qg4 h5 34. Qa4 Rf7 35. b4 c4 36. Qc2 b5 37. a4 a6 38. axb5 axb5 39. Qa2 Ra6 40. Qb1 Rfa7 41. d6 Rd7 42. Qe4 Rdxd6 43. Rxd6 Rxd6 44. Rxd6 Qxd6 45. Qe8+ Kg7 46. Qxb5 c3 47. Qb7+ Kh6 48. Qe4 Qd1+ 49. Kh2 Qg4 50. Qe5 c2 51. Qh8+ Kg5 52. Qe5+ Qf5 53. Qc3 Qxf2 54. b5 h4 55. Qe5+ Kg4 56. Qd4+ Kh5 57. Qh8+ Kg5 58. Qe5+ Qf5 59. Qc3 Qxb5 60. Qxc2 Qe5+ 61. Kh1 Qxe3 62. Qc8 Qf4 63. Qd8+ Qf6 64. Qd5+ Kh6 65. Qd2+ g5 66. Qd1 Qe6 67. Qf1 g4 68. Qf8+ Kg5 69. Qd8+ Qf6 70. Qg8+ Kf4 71. Qc4+ Kg3 72. Qd3+ Kf4 73. Qc4+ Kg5 74. Qg8+ 1/2-1/2

[Event "French-ch Youth U12 2022"]
[Site "Agen"]
[Date "2022.04.24"]
[Round "9.5"]
[White "Bernard, Ines"]
[Black "Alfano, Emilie"]
[Result "1/2-1/2"]
[ECO "D00"]
[WhiteElo "1430"]
[BlackElo "1635"]
[Annotator "NA RC COMBH"]
[PlyCount "105"]
[EventDate "2022.04.17"]
[EventType "swiss"]
[EventCountry "FRA"]
[SourceTitle "playchess.com"]
[Source "ChessBase"]
[SourceQuality "1"]
[TimeControl "5400+30"]

1. d4 d5 2. Bf4 e6 3. e3 Nf6 4. Bd3 Bd6 5. Bg3 O-O 6. Nf3 b6 7. c3 Bb7 8. Nbd2 c5 9. Qe2 Nc6 10. e4 Be7 11. e5 Nd7 12. a3 c4 13. Bc2 a5 14. a4 Kh8 15. h4 h6 16. Bf4 f5 17. Ng5 Qc8 18. Nxe6 Rf7 19. Qh5 Ndxe5 20. Ng5 Bxg5 21. hxg5 Qe6 22. dxe5 Nxe5 23. O-O-O Nd3+ 24. Bxd3 cxd3 25. gxh6 g6 26. Qg5 d4 27. Rde1 Qc6 28. Be5+ Kh7 29. Nb1 Qxa4 30. Qd2 dxc3 31. Bxc3 b5 32. Qxd3 b4 33. Qc4 Qd7 34. Rd1 Qe8 35. Rhe1 Qg8 36. Qe6 Ra6 37. Rd6 Rxd6 38. Qxd6 bxc3 39. Nxc3 Bxg2 40. Qg3 Bb7 41. Qg5 Qf8 42. Kb1 Qxh6 43. Qd8 Qf4 44. Re7 Be4+ 45. Ka2 Rxe7 46. Qxe7+ Kh6 47. Qc5 g5 48. Ne2 Qg4 49. Ng3 Qf4 50. Qf8+ Kg6 51. Qg8+ Kh6 52. Qe6+ Kh7 53. Qf7+ 1/2-1/2

[Event "French-ch Youth U12 2022"]
[Site "Agen"]
[Date "2022.04.24"]
[Round "9.6"]
[White "Mence, Eline"]
[Black "Neel, Laura"]
[Result "0-1"]
[ECO "A45"]
[WhiteElo "1499"]
[BlackElo "1725"]
[Annotator "NA RC COMBH"]
[PlyCount "68"]
[EventDate "2022.04.17"]
[EventType "swiss"]
[EventCountry "FRA"]
[SourceTitle "playchess.com"]
[Source "ChessBase"]
[SourceQuality "1"]
[TimeControl "5400+30"]

1. d4 Nf6 2. Bg5 g6 3. Bxf6 exf6 4. e3 Bg7 5. g3 f5 6. Bg2 O-O 7. Ne2 Qe7 8. Nbc3 c6 9. O-O d5 10. Qd3 Re8 11. Rfb1 a5 12. Na4 Nd7 13. c4 dxc4 14. Qxc4 Qb4 15. Qc2 Nf6 16. a3 Qb5 17. Nec3 Qa6 18. Nc5 Qb6 19. b4 axb4 20. axb4 Rxa1 21. Rxa1 Qxb4 22. Rb1 Qa5 23. Nxb7 Bxb7 24. Rxb7 Qa6 25. Qb3 Rf8 26. Rb6 Qd3 27. Bxc6 Qd2 28. Bf3 Qe1+ 29. Kg2 Ng4 30. Bxg4 fxg4 31. Rb7 h5 32. Ne4 Qe2 33. Rxf7 Rxf7 34. Ng5 Qxf2+ 0-1

[Event "French-ch Youth U12 2022"]
[Site "Agen"]
[Date "2022.04.24"]
[Round "9.7"]
[White "Maret, Anna"]
[Black "Castagnerol, Cerise"]
[Result "0-1"]
[ECO "C26"]
[WhiteElo "1328"]
[BlackElo "1312"]
[Annotator "NA RC COMBH"]
[PlyCount "106"]
[EventDate "2022.04.17"]
[EventType "swiss"]
[EventCountry "FRA"]
[SourceTitle "playchess.com"]
[Source "ChessBase"]
[SourceQuality "1"]
[TimeControl "5400+30"]

1. e4 e5 2. Nc3 Nf6 3. f4 d6 4. Nf3 Nc6 5. Bc4 Be7 6. d3 exf4 7. Bxf4 Be6 8. Bb3 Nd7 9. Ne2 Bxb3 10. axb3 Nde5 11. Ng3 Bf6 12. c3 Ng6 13. Be3 b5 14. O-O O-O 15. Nh5 Be7 16. Nd4 Nxd4 17. Bxd4 f6 18. Nf4 Nxf4 19. Rxf4 c5 20. Be3 d5 21. Qf3 d4 22. Bd2 Bd6 23. Rg4 Be5 24. c4 bxc4 25. bxc4 Qb8 26. Bh6 Rf7 27. Rb1 Bxh2+ 28. Kh1 Be5 29. Qf5 Qb6 30. Qf2 Qb3 31. Qd2 a5 32. Ra1 Qb6 33. Qc2 f5 34. Rxg7+ Bxg7 35. Bxg7 Rxg7 36. exf5 Qh6+ 37. Kg1 Qe3+ 38. Kh1 Rg5 39. Qd1 Qf2 40. Qf3 Qxf3 41. gxf3 Rxf5 42. Kg2 Re5 43. Kg3 Re2 44. b3 Rd2 45. Kg4 Rxd3 46. Rb1 Rc3 47. Kf4 Re8 48. Ra1 d3 49. Rxa5 d2 50. Ra1 Rc1 51. Ra2 d1=Q 52. Rg2+ Kh8 53. Rg8+ Rxg8 0-1